 Dungeon Crawl Stone Soup version 0.28.0-45-g0d030f2227 (webtiles) character file.

Game seed: 14582798984311499255

5018 bnorton916 the Carver (level 10, -7/82 HPs)
             Began as a Barachi Ice Elementalist on Apr 5, 2022.
             Mangled by a two-headed ogre
             ... wielding a +0 giant spiked club
              (26 damage)
             ... on level 8 of the Dungeon.
             The game lasted 00:19:36 (9553 turns).

bnorton916 the Carver (Barachi Ice Elementalist)    Turns: 9553, Time: 00:19:37

Health: -7/82      AC: 16    Str: 18    XL:     10   Next: 55%
Magic:  13/18      EV: 11    Int: 20    God:
Gold:   297        SH:  5    Dex: 13    Spells: 13/20 levels left

rFire   . . .      SeeInvis +   J - +2 whip (elec)
rCold   + . .      Faith    .   E - +0 buckler "Tariech" {rN+ Stlth+}
rNeg    + . .      Spirit   .   u - +1 leather armour of Acunnargh {rC+ Str+9}
rPois   +          Reflect  .   x - +2 helmet
rElec   .          Harm     .   h - +1 cloak
rCorr   .          Rampage  .   (no gloves)
Will    .....                   (no boots)
Stlth   +++.......              L - amulet of the acrobat
HPRegen 0.23/turn               b - ring of poison resistance
MPRegen 0.16/turn               s - ring of see invisible

@: ice-armoured, freezing walls, slow
A: amphibious, slowness 1, strong legs 1, +LOS
a: Hop


You were on level 8 of the Dungeon.
You visited 2 branches of the dungeon, and saw 9 of its levels.
You also visited: Sewer.

You collected 468 gold pieces.
You spent 171 gold pieces at shops.

Inventory:

Hand Weapons
 c - a +1 flail of holy wrath
 e - a +5 dagger
 l - a +1 dagger of pain
 m - a +0 short sword
 n - a +0 long sword
 B - a +0 lajatang
 F - a +2 vorpal spear
 J - a +2 whip of electrocution (weapon)
 K - the +9 staff of Olgreb {rPois∞}
   (You found it on level 5 of the Dungeon)

   If the wielder is skilled in Evocations, they can envenom those struck by it,
   dealing poison damage which bypasses armour.
   It enhances your poison magic.
   It grants immunity to poison.
   It can be activated via the 'a'bility menu to radiate toxic energy, with
   effectiveness depending on Evocations skill.
 O - a +3 long sword
Missiles
 f - 35 poisoned darts (quivered)
 j - 3 curare-tipped darts
Armour
 h - a +1 cloak (worn)
 u - the +1 leather armour of Acunnargh (worn) {rC+ Str+9}
   (You found it on level 3 of the Dungeon)

   Str:       It affects your strength (+9).
   rC:        It protects you from cold.
 x - a +2 helmet (worn)
 E - the +0 buckler "Tariech" (worn) {rN+ Stlth+}
   (You bought it in a shop on level 3 of the Dungeon)

   rN:        It protects you from negative energy.
   Stlth:     It makes you more stealthy.
Jewellery
 b - a ring of poison resistance (left hand)
 s - a ring of see invisible (right hand)
 C - a ring of resist corrosion
 L - an amulet of the acrobat (around neck)
Wands
 v - a wand of polymorph (4)
 A - a wand of flame (31)
Scrolls
 a - a scroll of enchant armour
 d - 4 scrolls of fear
 y - 2 scrolls of teleportation
 z - 2 scrolls of magic mapping {unknown}
 D - 2 scrolls of enchant weapon {unknown}
 G - a scroll of silence {unknown}
 M - 4 scrolls of amnesia
 N - a scroll of vulnerability {unknown}
 P - a scroll of fog
Potions
 g - a potion of cancellation
 i - a potion of ambrosia {unknown}
 k - 2 potions of haste
 o - 2 potions of attraction
 p - 5 potions of heal wounds
 q - a potion of invisibility
 t - 2 potions of resistance
 w - 2 potions of mutation
 H - a potion of degeneration {unknown}
 I - a potion of berserk rage
 Q - a potion of curing
Miscellaneous
 r - a phantom mirror


   Skills:
 - Level 8.8 Fighting
 + Level 9.0 Long Blades
 - Level 5.1 Armour
 - Level 2.3 Dodging
 - Level 1.7 Stealth
 - Level 4.0 Shields
 - Level 5.6 Spellcasting
 - Level 7.9 Ice Magic
 + Level 5.9 Evocations


You had 13 spell levels left.
You knew the following spells:

 Your Spells              Type           Power      Damage    Failure   Level
a - Freeze                Ice            100%       1d11      1%          1
b - Frozen Ramparts       Ice            74%        1d9       1%          3
c - Ozocubu's Armour      Ice            37%        N/A       1%          3

Your spell library contained the following spells:

 Spells                   Type           Power      Damage    Failure   Level
 Hailstorm                Conj/Ice       21%        3d6       32%         4


Dungeon Overview and Level Annotations

Branches:
Dungeon (8/15)             Temple (1/1) D:7           Sewer (visited)
   Lair: D:8-11

Altars:
Ashenzari
Dithmenos
Elyvilon
Fedhas
Gozag
Hepliaklqana
Kikubaaqudgha
Makhleb
Nemelex Xobeh
Okawaru
Qazlal
Ru
Sif Muna
Trog
Uskayaw
Wu Jian
Xom
Yredelemnul
Zin

Shops:
D:3 [

Annotations:
D:4 2 transporters, sanboga's ghost, amateur GrFi
D:5 1 runed translucent door


Innate Abilities, Weirdness & Mutations

You are amphibious.
You cover ground slowly.
You can hop short distances.
You have an extended range of vision and can be seen from far away.


Message History

The walls around you are covered in ice.
Casting: Frozen Ramparts (safe; 1% risk of failure)
Confirm with . or Enter, or press ? or * to list all spells.
A film of ice covers your body!
The wall freezes the two-headed ogre!
You barely miss the two-headed ogre.
The two-headed ogre is lightly wounded.
The wall freezes the two-headed ogre.
The two-headed ogre hits you with a +0 giant spiked club!!
The two-headed ogre barely misses you.
Unknown command.
Okay, then.
You hit the two-headed ogre.
The two-headed ogre is moderately wounded.
The wall freezes the two-headed ogre.
You block the two-headed ogre's attack.
The two-headed ogre hits you with a +0 giant club!
Unknown command.
You barely miss the two-headed ogre.
The two-headed ogre is moderately wounded.
The wall freezes the two-headed ogre!
The two-headed ogre closely misses you.
The two-headed ogre hits you but does no damage.
Unknown command.
You hit the two-headed ogre.
The two-headed ogre is heavily wounded.
The wall freezes the two-headed ogre.
The two-headed ogre hits you with a +0 giant spiked club!
The two-headed ogre hits you with a +0 giant club!
Unknown command.
You hit the two-headed ogre.
The two-headed ogre is severely wounded.
The wall freezes the two-headed ogre.
The two-headed ogre hits you with a +0 giant spiked club!
* * * LOW HITPOINT WARNING * * *
The two-headed ogre barely misses you.
Unknown command.
You barely miss the two-headed ogre.
The two-headed ogre is severely wounded.
The wall freezes the two-headed ogre.
The two-headed ogre hits you with a +0 giant spiked club!!
You die...

.#...#..#
#..#####.### .#..
#..# #...........
#.. #..#
#.....+#####
.##.##..####.....#
.................#
###.####.........#
......(..........#
###.####.#.#.....#
.......#..@#
#...>#.#.###O##
#..(.#.#......#
#... #.#####...#
#... .. ....... +.
#...###.# # #.#.#
.. .. #. .# #. ###
#. .#


You could see a two-headed ogre.

Vanquished Creatures
  Pikel (D:5)
  6 yaks (D:7)
  A wyvern (D:7)
  A redback (D:5)
  A water moccasin (D:5)
  2 ice beasts
  A sky beast (D:5)
  2 black bears
  3 centaurs
  6 kobold brigands
  10 scorpions (D:5)
  A bullfrog (D:8)
  A wyvern skeleton (D:7)
  8 killer bees (D:5)
  6 wights (D:7)
  2 howler monkeys
  A centaur zombie (D:5)
  2 jellies
  2 hounds
  An orc priest (D:7)
  2 centaur skeletons
  A bullfrog skeleton (D:6)
  3 iguanas
  9 orc wizards
  Robin (D:4)
  13 adders
  3 river rats (Sewer)
  A shadow imp (D:6)
  A white imp (D:7)
  6 worms
  2 dart slugs
  12 orcs
  5 ball pythons
  7 endoplasms
  4 giant cockroaches
  14 goblins
  7 hobgoblins
  A jackal (D:3)
  17 kobolds
  3 quokkas (D:3)
  2 bats
  2 frilled lizards
  7 rats
181 creatures vanquished.

Vanquished Creatures (others)
  2 plants (D:3)
2 creatures vanquished.

Grand Total: 183 creatures vanquished

Notes
Turn   | Place    | Note
-------+----------+-------------------------------------------
     0 | D:1      | bnorton916 the Barachi Ice Elementalist began the quest for
                  | the Orb.
     0 | D:1      | Reached XP level 1. HP: 13/13 MP: 3/3
   271 | D:1      | Reached skill level 5 in Ice Magic
   739 | D:1      | Reached XP level 2. HP: 13/19 MP: 1/5
  1278 | D:2      | Reached XP level 3. HP: 18/24 MP: 2/7
  1872 | D:1      | Learned a level 3 spell: Frozen Ramparts
  1876 | D:1      | Learned a level 3 spell: Ozocubu's Armour
  2123 | D:2      | Found a burning altar of Makhleb.
  2687 | D:3      | Reached XP level 4. HP: 19/30 MP: 5/9
  2915 | D:3      | Found a glowing drain.
  2985 | Sewer    | Entered a sewer
  3218 | Sewer    | Noticed a kobold brigand
  3237 | Sewer    | Killed a kobold brigand
  3238 | Sewer    | Reached XP level 5. HP: 22/35 MP: 1/11
  3359 | Sewer    | Noticed a kobold brigand
  3373 | Sewer    | Killed a kobold brigand
  3374 | Sewer    | Reached XP level 6. HP: 32/41 MP: 6/13
  3603 | Sewer    | Reached skill level 5 in Spellcasting
  3761 | Sewer    | Reached XP level 7. HP: 46/46 MP: 8/15
  4176 | D:3      | Found a faded altar of an unknown god.
  4498 | D:3      | Found Rinwim's Antique Armour Emporium.
  4506 | D:3      | Identified the +1 leather armour of Acunnargh {rC+ Str+9}
  4588 | D:3      | Reached skill level 1 in Armour
  4880 | D:4      | Noticed sanboga's ghost (amateur GrFi)
  4883 | D:4      | Found a transporter.
  4922 | D:4      | Noticed Robin
  4932 | D:4      | Killed Robin
  5224 | D:4      | Found a shimmering altar of Xom.
  5491 | D:4      | Found a transporter.
  5532 | D:5      | Entered Level 5 of the Dungeon
  5549 | D:5      | Reached skill level 5 in Armour
  5846 | D:3      | Bought a smoking buckler for 171 gold pieces
  5846 | D:3      | Identified the +0 buckler "Tariech" {rN+ Stlth+} (You
                  | bought it in a shop on level 3 of the Dungeon)
  5957 | D:5      | Reached skill level 1 in Shields
  5957 | D:5      | Reached XP level 8. HP: 48/52 MP: 13/16
  6201 | D:5      | Found the +9 staff of Olgreb {rPois∞}
  6204 | D:5      | Found a runed translucent door.
  6209 | D:5      | Found a runed translucent gate.
  6209 | D:5      | Found a runed translucent gate.
  6210 | D:5      | Found a runed translucent door.
  6210 | D:5      | Found a runed translucent gate.
  6297 | D:5      | Noticed Pikel
  6318 | D:5      | Killed Pikel
  6658 | D:5      | Reached skill level 1 in Long Blades
  6658 | D:5      | Reached XP level 9. HP: 67/71 MP: 10/17
  6660 | D:5      | Reached skill level 2 in Long Blades
  6663 | D:5      | Reached skill level 3 in Long Blades
  6672 | D:5      | Reached skill level 4 in Long Blades
  6783 | D:5      | Reached skill level 5 in Long Blades
  7197 | D:6      | Reached skill level 6 in Long Blades
  7387 | D:6      | Reached skill level 1 in Evocations
  8216 | D:7      | Reached XP level 10. HP: 69/78 MP: 9/18
  8243 | D:7      | Reached skill level 7 in Long Blades
  8420 | D:7      | Reached skill level 8 in Long Blades
  8671 | D:7      | Reached skill level 5 in Evocations
  9058 | D:7      | Found a staircase to the Ecumenical Temple.
  9098 | Temple   | Entered the Ecumenical Temple
  9378 | D:8      | Reached skill level 9 in Long Blades
  9541 | D:8      | Noticed a two-headed ogre
  9553 | D:8      | Mangled by a two-headed ogre

Illustrated notes

Levels and vault maps discovered:
D:1:      moated_graveyard_arrival, layout_basic, minmay_strange_pillars
D:2:      layout_loops_ring, basic_altar, grunt_decor_fettered
D:3:      layout_loops_corners, serial_shops, nicolae_shop_overgrown_old_shop,
          gup_sewer_entry_pipe, dreamdust_ecumenical_altar_statues,
          minmay_checkerbox
D:4:      layout_rooms, lemuel_round_altar, gammafunk_ghost_stat_death,
          uniq_robin
D:5:      layout_cave_pods, dk_vineyard_3,
          minmay_guarded_unrand_staff_of_olgreb, uniq_pikel
D:6:      layout_basic
D:7:      layout_loops_ring, minmay_temple_entry_large_hall
D:8:      layout_basic, jmf_multi_god_temple
Temple:   compressed_dpeg_circular_temple

Skill      XL: |  1  2  3  4  5  6  7  8  9 10 |
---------------+-------------------------------+-----
Ice Magic      | 5 6 7 |  7.9
Spellcasting   | 3 4 5 |  5.6
Armour         | 5 |  5.1
Shields        | 1 4 |  4.0
Fighting       | 6 8 |  8.8
Long Blades    | 1 6 9 |  9.0
Evocations     | 2 5 |  5.9
Dodging        | |  2.3
Stealth        | |  1.7

Action                   |  1- 3 |  4- 6 |  7- 9 | 10-12 || total
-------------------------+-------+-------+-------+-------++-------
Melee: Long sword        |     6 |    16 |    32 |       ||    54
       Dagger            |       |       |    59 |       ||    59
       Punch             |       |       |     2 |     1 ||     3
       Flail             |       |       |    20 |     1 ||    21
       Staff             |       |       |    17 |     3 ||    20
       Whip              |       |       |       |    44 ||    44
Throw: Dart              |    14 |    10 |    11 |     3 ||    38
 Cast: Freeze            |    28 |     9 |     7 |       ||    44
       Frozen Ramparts   |     1 |    11 |    41 |    14 ||    67
       Ozocubu's Armour  |       |     3 |    18 |     8 ||    29
 Abil: Hop               |     1 |       |       |       ||     1
       Evoke the Staff o |       |       |     1 |     4 ||     5
Evoke: Wand              |       |       |     6 |       ||     6
  Use: Scroll            |     5 |       |     3 |     2 ||    10
       Potion            |       |     2 |     2 |       ||     4
 Stab: Sleeping          |     1 |       |       |       ||     1
Armor: Robe              |     8 |     8 |    16 |       ||    32
       Leather armour    |       |       |    85 |    29 ||   114
Dodge: Dodged            |    23 |    14 |   155 |    48 ||   240
Block: Buckler           |       |       |       |    12 ||    12
